PAAA
CALGARY LYNX @ SANTA BARBARA GOLDEN CRANES
08/09/2032
 
TOP OF THE 1ST
Calgary Lynx batting - Pitching for Santa Barbara Golden Cranes : LHP Yoriyoshi Yoshimura
Pitching: LHP Yoriyoshi Yoshimura
Batting: RHB Dhyana Snigdha 0-0: Ball
1-0: Swinging Strike
1-1: Foul Ball, location: 2F
1-2: Ball
2-2: Foul Ball, location: 2F
2-2: SINGLE (Flyball, 78M)
Batting: RHB Jing-sheng Joo 0-0: Ball
1-0: Foul Ball, location: 2F
1-1: Fly out, F3 (Popup, 3S)
Batting: RHB Ángelo Delgado 0-0: Ball
1-0: Foul Ball, location: 2F
1-1: Grounds into double play, 6-4-3 (Groundball, 6)
Top of the 1st over - 0 runs, 1 hit, 0 errors, 0 left on base; Calgary 0 - Santa Barbara 0
BOTTOM OF THE 1ST
Santa Barbara Golden Cranes batting - Pitching for Calgary Lynx : RHP Lorenzo Díaz
Pitching: RHP Lorenzo Díaz
Batting: LHB Xu Cheng 0-0: Ground out U3 (Groundball, 3L)
Batting: RHB Ed St. James 0-0: Ball
1-0: Ball
2-0: Swinging Strike
2-1: Called Strike
2-2: Ball
3-2: Fly out, F3 (Popup, 3S)
Batting: RHB Rodney Usry 0-0: Ground out 6-3 (Groundball, 6)
Bottom of the 1st over - 0 runs, 0 hits, 0 errors, 0 left on base; Calgary 0 - Santa Barbara 0
TOP OF THE 2ND
Calgary Lynx batting - Pitching for Santa Barbara Golden Cranes : LHP Yoriyoshi Yoshimura
Batting: LHB Daniel García 0-0: Foul Ball, location: 2F
0-1: Ball
1-1: Ball
2-1: Ground out U3 (Groundball, 3D)
Batting: RHB Luis Delvalle 0-0: Ball
1-0: SINGLE (Flyball, 7S)
Batting: LHB Juan Aranda 0-0: Called Strike
0-1: Ball
1-1: Ball
2-1: Foul Ball, location: 2F
2-2: Fielders Choice at 2nd, 4-6 (Groundball, 4)
Batting: RHB José de la Cavallería 0-0: Called Strike
0-1: Ball
1-1: Ball
2-1: Ball
3-1: Foul Ball, location: 2F
3-2: Foul Ball, location: 2F
3-2: Fly out, F5 (Popup, 5SF)
Top of the 2nd over - 0 runs, 1 hit, 0 errors, 1 left on base; Calgary 0 - Santa Barbara 0
BOTTOM OF THE 2ND
Santa Barbara Golden Cranes batting - Pitching for Calgary Lynx : RHP Lorenzo Díaz
Batting: RHB James Pike 0-0: Ball
1-0: Ball
2-0: Called Strike
2-1: Swinging Strike
2-2: Ball
3-2: Fly out, F8 (Flyball, 8RM)
Batting: RHB Gilbert Graham 0-0: Ball
1-0: Ball
2-0: Called Strike
2-1: Ball
3-1: SINGLE (Groundball, 56D)
Batting: RHB Sun-jae Kwak 0-0: Called Strike
0-1: Reached on error, E9 (Flyball, 89D)
Gilbert Graham to third
Batting: SHB Kunimichi Chikafuji 0-0: Foul Ball, location: 2F
0-1: Called Strike
0-2: Foul Ball, location: 2F
0-2: Ground out 4-3 (Groundball, 34D)
Gilbert Graham scores
Sun-jae Kwak to third
Batting: RHB Salvador Noriega 0-0: Called Strike
0-1: Foul Ball, location: 2F
0-2: Ball
1-2: Foul Ball, location: 2F
1-2: Ball
2-2: SINGLE (Line Drive, 7S)
Sun-jae Kwak scores
Batting: RHB Jorge López 0-0: Called Strike
0-1: Swinging Strike
0-2: Ball
1-2: Strikes out swinging
Bottom of the 2nd over - 2 runs, 2 hits, 1 error, 1 left on base; Calgary 0 - Santa Barbara 2
TOP OF THE 3RD
Calgary Lynx batting - Pitching for Santa Barbara Golden Cranes : LHP Yoriyoshi Yoshimura
Batting: SHB Ted Striker 0-0: Ball
1-0: Foul Ball, location: 2F
1-1: Foul Ball, location: 2F
1-2: Ground out 5-3 (Groundball, 56)
Batting: RHB Michael Garrett 0-0: Ball
1-0: Ball
2-0: Ball
3-0: Called Strike
3-1: Fly out, F7 (Flyball, 7S)
Batting: RHB Dhyana Snigdha 0-0: Called Strike
0-1: SINGLE (Groundball, 6MD)
Batting: RHB Jing-sheng Joo 0-0: Ball
1-0: Ball
2-0: Swinging Strike
2-1: Ground out 4-3 (Groundball, 4)
Top of the 3rd over - 0 runs, 1 hit, 0 errors, 1 left on base; Calgary 0 - Santa Barbara 2
BOTTOM OF THE 3RD
Santa Barbara Golden Cranes batting - Pitching for Calgary Lynx : RHP Lorenzo Díaz
Batting: LHB Xu Cheng 0-0: Ground out 5-3 (Groundball, 56)
Batting: RHB Ed St. James 0-0: Ball
1-0: Ball
2-0: Ground out 6-3 (Groundball, 6)
Batting: RHB Rodney Usry 0-0: SOLO HOME RUN (Flyball, 7LD), Distance : 376 ft
Batting: RHB James Pike 0-0: Called Strike
0-1: Called Strike
0-2: Foul Ball, location: 2F
0-2: Ball
1-2: SINGLE (Flyball, 7LS)
Batting: RHB Gilbert Graham 0-0: Called Strike
0-1: Called Strike
0-2: Strikes out looking
Bottom of the 3rd over - 1 run, 2 hits, 0 errors, 1 left on base; Calgary 0 - Santa Barbara 3
TOP OF THE 4TH
Calgary Lynx batting - Pitching for Santa Barbara Golden Cranes : LHP Yoriyoshi Yoshimura
Batting: RHB Ángelo Delgado 0-0: SINGLE (Flyball, 8RS)
Batting: LHB Daniel García 0-0: Foul Ball, location: 2F
0-1: Ball
1-1: Called Strike
1-2: Ball
2-2: Foul Ball, location: 2F
2-2: Ball
3-2: 2-RUN HOME RUN (Flyball, 8LXD), Distance : 432 ft
Batting: RHB Luis Delvalle 0-0: Ball
1-0: Ball
2-0: Called Strike
2-1: Fly out, F8 (Flyball, 8RD)
Batting: LHB Juan Aranda 0-0: Ball
1-0: Ball
2-0: Called Strike
2-1: Ball
3-1: Ground out 6-3 (Groundball, 6)
Batting: RHB José de la Cavallería 0-0: SOLO HOME RUN (Flyball, 9D), Distance : 366 ft
Batting: SHB Ted Striker 0-0: Called Strike
0-1: Ball
1-1: Called Strike
1-2: Ball
2-2: Strikes out swinging
Top of the 4th over - 3 runs, 3 hits, 0 errors, 0 left on base; Calgary 3 - Santa Barbara 3
BOTTOM OF THE 4TH
Santa Barbara Golden Cranes batting - Pitching for Calgary Lynx : RHP Lorenzo Díaz
Batting: RHB Sun-jae Kwak 0-0: Swinging Strike
0-1: Foul Ball, location: 2F
0-2: Ball
1-2: Strikes out swinging
Batting: SHB Kunimichi Chikafuji 0-0: Called Strike
0-1: Foul Ball, location: 2F
0-2: Ball
1-2: Foul Ball, location: 2F
1-2: Ball
2-2: Foul Ball, location: 2F
2-2: SINGLE (Groundball, 25) (infield hit)
Batting: RHB Salvador Noriega 0-0: Called Strike
Kunimichi Chikafuji is caught stealing 2nd base
0-1: Ball
1-1: Ball
2-1: Foul Ball, location: 2F
2-2: DOUBLE (Line Drive, 89D)
Batting: RHB Jorge López 0-0: Ball
1-0: Ball
2-0: Called Strike
2-1: Called Strike
2-2: Ball
3-2: Base on Balls
Batting: LHB Xu Cheng 0-0: Ball
1-0: Called Strike
1-1: Ball
2-1: Swinging Strike
2-2: Strikes out swinging
Bottom of the 4th over - 0 runs, 2 hits, 0 errors, 2 left on base; Calgary 3 - Santa Barbara 3
TOP OF THE 5TH
Calgary Lynx batting - Pitching for Santa Barbara Golden Cranes : LHP Yoriyoshi Yoshimura
Batting: RHB Michael Garrett 0-0: Called Strike
0-1: Called Strike
0-2: Strikes out swinging
Batting: RHB Dhyana Snigdha 0-0: Fly out, F9 (Flyball, 9S)
Batting: RHB Jing-sheng Joo 0-0: Ball
1-0: Ball
2-0: Ball
3-0: Base on Balls
Batting: RHB Ángelo Delgado 0-0: Ball
1-0: Swinging Strike
1-1: SINGLE (Groundball, 56D)
Jing-sheng Joo to second
Batting: LHB Daniel García 0-0: Ball
1-0: Ball
2-0: Foul Ball, location: 2F
2-1: Foul Ball, location: 2F
2-2: Ball
3-2: Reached on error, E8 (Flyball, 89D)
Jing-sheng Joo scores
Ángelo Delgado to third
Batting: RHB Luis Delvalle 0-0: Ball
1-0: Ball
2-0: Called Strike
2-1: Called Strike
2-2: Strikes out swinging
Top of the 5th over - 1 run, 1 hit, 1 error, 2 left on base; Calgary 4 - Santa Barbara 3
BOTTOM OF THE 5TH
Santa Barbara Golden Cranes batting - Pitching for Calgary Lynx : RHP Lorenzo Díaz
Batting: RHB Ed St. James 0-0: Ground out U3 (Groundball, 34S)
Batting: RHB Rodney Usry 0-0: Ball
1-0: Ground out 5-3 (Groundball, 56)
Batting: RHB James Pike 0-0: Ball
1-0: SINGLE (Line Drive, 6M)
Batting: RHB Gilbert Graham 0-0: Ball
1-0: Ball
2-0: Called Strike
2-1: Swinging Strike
2-2: Fielders Choice at 2nd, 6-4 (Groundball, 6)
Bottom of the 5th over - 0 runs, 1 hit, 0 errors, 1 left on base; Calgary 4 - Santa Barbara 3
TOP OF THE 6TH
Calgary Lynx batting - Pitching for Santa Barbara Golden Cranes : LHP Yoriyoshi Yoshimura
Batting: LHB Juan Aranda 0-0: SINGLE (Flyball, 78M)
Batting: RHB José de la Cavallería 0-0: Foul Ball, location: 2F
0-1: Ball
1-1: Bunt - Flyout! F5
Batting: SHB Ted Striker 0-0: Ball
1-0: Fly out, F5 (Popup, 6S)
Batting: RHB Michael Garrett Pickoff Throw to First - Error! E1
Juan Aranda to second
0-0: Swinging Strike
0-1: Fly out, F9 (Flyball, 9S)
Top of the 6th over - 0 runs, 1 hit, 1 error, 1 left on base; Calgary 4 - Santa Barbara 3
BOTTOM OF THE 6TH
Santa Barbara Golden Cranes batting - Pitching for Calgary Lynx : RHP Lorenzo Díaz
Batting: RHB Sun-jae Kwak 0-0: Called Strike
0-1: Ball
1-1: Swinging Strike
1-2: Strikes out swinging
Batting: SHB Kunimichi Chikafuji 0-0: Ball
1-0: Ball
2-0: Ball
3-0: Called Strike
3-1: Base on Balls
Batting: RHB Salvador Noriega 0-0: Ground out 5-3 (Groundball, 56)
Kunimichi Chikafuji to second
Batting: RHB Jorge López 0-0: Ball
1-0: Fly out, F9 (Line Drive, 9S)
Bottom of the 6th over - 0 runs, 0 hits, 0 errors, 1 left on base; Calgary 4 - Santa Barbara 3
TOP OF THE 7TH
Calgary Lynx batting - Pitching for Santa Barbara Golden Cranes : LHP Yoriyoshi Yoshimura
Batting: RHB Dhyana Snigdha 0-0: Foul Ball, location: 2F
0-1: Ball
1-1: Ball
2-1: SINGLE (Line Drive, 4M)
Batting: RHB Jing-sheng Joo 0-0: Ball
1-0: Bunt missed!
1-1: Sac Bunt - play at first, batter OUT! 1-4
Dhyana Snigdha to second
Batting: RHB Ángelo Delgado 0-0: Ball
1-0: Foul Ball, location: 2F
1-1: Ball
2-1: Ball
3-1: Base on Balls
Pitching: LHP Josh Cox
Batting: LHB Daniel García 0-0: Ball
1-0: Fly out, F9 (Flyball, 9LM)
Batting: RHB Luis Delvalle 0-0: Ball
1-0: Called Strike
1-1: Foul Ball, location: 2F
1-2: Ball
2-2: Ball
3-2: Foul Ball, location: 2F
3-2: DOUBLE (Flyball, 89D)
Dhyana Snigdha scores
Ángelo Delgado to third
Ángelo Delgado scores
Batting: LHB Juan Aranda 0-0: Ball
1-0: Called Strike
1-1: Foul Ball, location: 2F
1-2: Strikes out swinging
Top of the 7th over - 2 runs, 2 hits, 0 errors, 1 left on base; Calgary 6 - Santa Barbara 3
BOTTOM OF THE 7TH
Santa Barbara Golden Cranes batting - Pitching for Calgary Lynx : RHP Lorenzo Díaz
Batting: LHB Xu Cheng 0-0: SINGLE (Flyball, 78S)
Batting: RHB Ed St. James 0-0: Sac Bunt - play at first, batter OUT! 1-3
Xu Cheng to second
Batting: RHB Rodney Usry 0-0: Ball
1-0: Ball
2-0: Ball
3-0: Fly out, F8 (Flyball, 8LXD)
Runner from 2nd tags up, SAFE at 3rd, no throw
Pitching: RHP Wai-ho Fan
Batting: RHB James Pike 0-0: Ball
1-0: Ground out 4-3 (Groundball, 4)
Bottom of the 7th over - 0 runs, 1 hit, 0 errors, 1 left on base; Calgary 6 - Santa Barbara 3
TOP OF THE 8TH
Calgary Lynx batting - Pitching for Santa Barbara Golden Cranes : LHP Josh Cox
Batting: RHB José de la Cavallería 0-0: Ball
1-0: Ball
2-0: SINGLE (Groundball, 4MD)
Batting: SHB Ted Striker 0-0: Foul Ball, location: 2F
0-1: Sac Bunt - play at first, batter OUT! 5-3
José de la Cavallería to second
Batting: RHB Michael Garrett 0-0: Ball
1-0: Ball
2-0: Called Strike
2-1: Called Strike
2-2: Strikes out looking
Batting: RHB Dhyana Snigdha 0-0: Called Strike
0-1: Ball
1-1: Foul Ball, location: 2F
1-2: Fly out, F8 (Flyball, 8RD)
Top of the 8th over - 0 runs, 1 hit, 0 errors, 1 left on base; Calgary 6 - Santa Barbara 3
BOTTOM OF THE 8TH
Santa Barbara Golden Cranes batting - Pitching for Calgary Lynx : RHP Wai-ho Fan
Batting: RHB Gilbert Graham 0-0: Ground out 6-3 (Groundball, 6)
Batting: RHB Sun-jae Kwak 0-0: Swinging Strike
0-1: Ball
1-1: Ball
2-1: Foul Ball, location: 2F
2-2: Foul Ball, location: 2F
2-2: Ball
3-2: Fly out, F9 (Flyball, 89S)
Batting: SHB Kunimichi Chikafuji 0-0: Ball
1-0: Foul Ball, location: 2F
1-1: Foul Ball, location: 2F
1-2: Ball
2-2: Strikes out looking
Bottom of the 8th over - 0 runs, 0 hits, 0 errors, 0 left on base; Calgary 6 - Santa Barbara 3
TOP OF THE 9TH
Calgary Lynx batting - Pitching for Santa Barbara Golden Cranes : LHP Josh Cox
Batting: RHB Jing-sheng Joo 0-0: Fly out, F8 (Flyball, 8LD)
Batting: RHB Ángelo Delgado 0-0: Foul Ball, location: 2F
0-1: Fly out, F2 (Popup, 2RF)
Batting: LHB Daniel García 0-0: SOLO HOME RUN (Flyball, 89XD), Distance : 385 ft
Batting: RHB Luis Delvalle 0-0: Called Strike
0-1: Foul Ball, location: 2F
0-2: Ground out 5-3 (Groundball, 56)
Top of the 9th over - 1 run, 1 hit, 0 errors, 0 left on base; Calgary 7 - Santa Barbara 3
BOTTOM OF THE 9TH
Santa Barbara Golden Cranes batting - Pitching for Calgary Lynx : RHP Wai-ho Fan
Batting: RHB Salvador Noriega 0-0: Swinging Strike
0-1: SINGLE (Groundball, 6MD)
Batting: RHB Jorge López 0-0: Ball
1-0: Ball
2-0: Foul Ball, location: 2F
2-1: Swinging Strike
2-2: Foul Ball, location: 2F
2-2: Strikes out looking
Batting: LHB Xu Cheng 0-0: Called Strike
0-1: Called Strike
0-2: Fly out, F8 (Flyball, 8LD)
Batting: RHB Ed St. James 0-0: Called Strike
0-1: Foul Ball, location: 2F
0-2: Ground out 5-3 (Groundball, 56S)
Bottom of the 9th over - 0 runs, 1 hit, 0 errors, 1 left on base; Calgary 7 - Santa Barbara 3
Wednesday, September 19th, 2018 - OOTP Baseball 18.8 Build 76